 Seeded DCSS version 0.29.1-1-gd02db6906a (webtiles) character file.

Game seed: 10364265286927963392 (custom seed)

12 lonewolfV2 the Covered (level 2, -2/19 HPs)
             Began as a Gargoyle Fighter on Oct 17, 2022.
             Frozen to death by an endoplasm (5 damage)
             ... on level 1 of the Dungeon.
             The game lasted 00:00:44 (122 turns).

lonewolfV2 the Covered (Gargoyle Fighter)            Turns: 122, Time: 00:00:45

Health: -2/19      AC:  9    Str: 19    XL:     2   Next: 33%
Magic:  2/2        EV:  9    Int:  8    God:
Gold:   14         SH:  4    Dex:  9    Spells: 1/1 levels left

rFire   . . .      SeeInvis .   a - +0 flail
rCold   . . .      Faith    .   c - +0 buckler
rNeg    + . .      Spirit   .   b - +0 scale mail
rPois   ∞          Reflect  .   (no helmet)
rElec   +          Harm     .   (no cloak)
rCorr   .          Rampage  .   (no gloves)
Will    .....                   (no boots)
Stlth   ..........              (no amulet)
HPRegen 0.06/turn               (no ring)
MPRegen 0.08/turn               (no ring)

@: no status effects
A: sickness immunity, AC +2, negative energy resistance 1, electricity
resistance, torment resistance 1, petrification resistance
a: no special abilities


You were on level 1 of the Dungeon.
You visited 1 branch of the dungeon, and saw 1 of its levels.

You collected 14 gold pieces.

Inventory:

Hand Weapons
 a - a +0 flail (weapon)
Armour
 b - a +0 scale mail (worn)
 c - a +0 buckler (worn)
Scrolls
 e - a scroll of teleportation {unknown}
Potions
 d - a potion of might


   Skills:
 + Level 3.4 Fighting
 * Level 2.3 Maces & Flails
 + Level 3.4 Armour
 + Level 3.4 Shields


You had one spell level left.
You didn't know any spells.
Your spell library was empty.

Dungeon Overview and Level Annotations

Branches:
Dungeon (1/15)

Altars:


Innate Abilities, Weirdness & Mutations

You are immune to sickness and miasma.
Your stone body is resilient. (AC +2)
You are immune to poison.
You resist negative energy. (rN+)
You are resistant to electric shocks. (rElec)
You are resistant to unholy torment.
You are immune to petrification.


Message History

The dart slug is severely wounded.
The endoplasm freezes you.
You are frozen.
The kobold barely misses you.
You hit the kobold but do no damage. The kobold barely misses you.
The endoplasm hits you but does no damage.
The dart slug launches a dart at you. The slug dart misses you.
The kobold closely misses you. The endoplasm closely misses you.
Unknown command.
You hit the kobold but do no damage. The dart slug launches a dart at you.
The slug dart misses you. The kobold hits you but does no damage.
The endoplasm freezes you.
You are frozen.
Unknown command.
You hit the dart slug.
You kill the dart slug!
The kobold barely misses you.
The endoplasm hits you but does no damage.
The giant cockroach misses you.
You closely miss the giant cockroach. The kobold barely misses you.
The endoplasm misses you. You block the giant cockroach's attack.
The endoplasm freezes you.
You are frozen.
* * * LOW HITPOINT WARNING * * *
The kobold hits you but does no damage.
The giant cockroach bites you but does no damage.
You closely miss the giant cockroach. You block the giant cockroach's attack.
The kobold hits you but does no damage. The endoplasm closely misses you.
Unknown command.
You sock the giant cockroach!
You kill the giant cockroach!
The kobold hits you with a +0 short sword.
* * * LOW HITPOINT WARNING * * *
You block the endoplasm's attack.
You closely miss the kobold. The kobold hits you but does no damage.
The endoplasm barely misses you. The kobold hits you but does no damage.
The endoplasm freezes you.
You are frozen.
You die...

#......... .........#
.........# .(.......#
.........# . .......g.
.. ......JK####.#
#....†@.....# #########
...####...######.....##.
#.........####.........
#.#####.#..##..........
#..#..##..........
#.##..............
##†#...............
###..#.##.#.......)..
##.#.........#..........


You could see an endoplasm, a goblin and a kobold.

Vanquished Creatures
  2 dart slugs (D:1)
  An endoplasm (D:1)
  A giant cockroach (D:1)
  2 goblins (D:1)
  2 kobolds (D:1)
  A rat (D:1)
9 creatures vanquished.

Notes
Turn   | Place    | Note
-------+----------+-------------------------------------------
     0 | D:1      | lonewolfV2 the Gargoyle Fighter began the quest for the
                  | Orb.
     0 | D:1      | Reached XP level 1. HP: 14/14 MP: 1/1
    87 | D:1      | Reached XP level 2. HP: 19/19 MP: 2/2
   122 | D:1      | Frozen to death by an endoplasm

Illustrated notes

Levels and vault maps discovered:
D:1:      saegor_arrival_simple_c, layout_rooms,
          shapermc_ecumenical_altar_hornbeckon, chequers_garden

Action                   || total
-------------------------++-------
Melee: Flail             ||    22
Armor: Scale mail        ||    17
Dodge: Dodged            ||    25
Block: Buckler           ||     5
